 Dungeon Crawl Stone Soup version 0.19.5 (webtiles) character file.

88 HeyBub the Cutter (level 4, -1/33 HPs)
             Began as a Vampire Gladiator on Mar 20, 2017.
             Slain by a worm (10 damage)
             ... on level 2 of the Dungeon.
             The game lasted 00:02:55 (1239 turns).

HeyBub the Cutter (Vampire Gladiator)               Turns: 1239, Time: 00:02:56

Health: -1/33      AC:  5    Str: 15    XL:     4   Next: 29%
Magic:  4/4        EV: 10    Int: 10    God:
Gold:   49         SH:  7    Dex: 14    Spells: 0 memorised, 3 levels left

rFire  . . .     SeeInvis +     a - +0 rapier
rCold  . . .     Gourm    .     b - +0 leather armour
rNeg   + . .     Faith    .     i - +0 shield
rPois  .         Spirit   .     c - +0 helmet
rElec  .         Reflect  .     (no cloak)
rCorr  .         Harm     .     (no gloves)
MR     .....                    g - +0 pair of boots
Stlth  +.........               (no amulet)
                                (no ring)
                                (no ring)

@: slowed, very slow
A: fangs 3, see invisible, unbreathing
a: Bat Form


You were on level 2 of the Dungeon.
You were not thirsty.

You visited 1 branch of the dungeon, and saw 2 of its levels.

You collected 49 gold pieces.

Inventory:

Hand Weapons
 a - a +0 rapier (weapon)
Missiles
 d - 2 throwing nets (quivered)
 h - 15 sling bullets
Armour
 b - a +0 leather armour (worn)
 c - a +0 helmet (worn)
 g - a +0 pair of boots (worn)
 i - a +0 shield (worn)
 o - a +2 cloak
Scrolls
 f - a scroll of teleportation
 k - a scroll of enchant armour {unknown}
 l - 3 scrolls of noise
 n - a scroll of identify {unknown}
Potions
 e - 8 potions of blood
 j - a potion of agility {unknown}
 m - a potion of might {unknown}


   Skills:
 + Level 2.1 Fighting
 + Level 4.6 Short Blades
 + Level 1.7 Throwing
 + Level 0.4 Armour
 + Level 4.1 Dodging


You had 3 spell levels left.
You didn't know any spells.

Dungeon Overview and Level Annotations

Branches:
Dungeon (2/15)

Altars:

Annotations:
D:2 Natasha


Innate Abilities, Weirdness & Mutations

You have razor-sharp teeth.
You have supernaturally acute eyesight. (SInv)
You can survive without breathing.


Message History

Natasha mumbles some strange words.
You closely miss Natasha.
Natasha is heavily wounded.
Natasha claws you. Natasha casts a spell at you. You resist with some effort.
You hit Natasha but do no damage. You bite Natasha.
Natasha is severely wounded.
Natasha casts a spell at you. The magic dart hits you!
You closely miss Natasha. Your bite misses Natasha.
Natasha is severely wounded.
You block the shadow imp's attack. Natasha claws you but does no damage.
The shadow imp barely misses you. Natasha closely misses you.
You hit Natasha but do no damage.
Natasha is severely wounded.
You block the shadow imp's attack. Natasha claws you.
* * * LOW HITPOINT WARNING * * *
The worm bites you!
You die...

###....## .....#
##.......# .....#
#........###...# .
#.................###..
#..............)........
........#....)...#......
........#...(...........
........#........#...##.
........#.(.....@#..>...
...............5hw......
............##....#.....
..).........##....# ....
............##..........
..##...#.....'...... ..
..##...'.....#.....# #
..##...#.....##.....
..##...#.....#


You could see a worm, Natasha and a shadow imp.

Vanquished Creatures
  Natasha (D:2)
  An adder (D:2)
  An ooze (D:1)
  A worm (D:2)
  A dart slug (D:1)
  A leopard gecko (D:1)
  A bat (D:1)
  2 giant cockroaches
  8 goblins
  2 hobgoblins
  6 jackals
  6 kobolds
  A quokka (D:2)
  A ball python (D:2)
  3 frilled lizards
  5 rats
41 creatures vanquished.

Notes
Turn   | Place    | Note
-------+----------+-------------------------------------------
     0 | D:1      | HeyBub the Vampire Gladiator began the quest for the Orb.
     0 | D:1      | Reached XP level 1. HP: 16/16 MP: 1/1
    84 | D:1      | Reached XP level 2. HP: 14/22 MP: 2/2
   584 | D:1      | Reached XP level 3. HP: 23/27 MP: 3/3
   819 | D:2      | Noticed Natasha
   833 | D:2      | Killed Natasha
   833 | D:2      | Reached XP level 4. HP: 6/33 MP: 4/4
  1228 | D:2      | Noticed Natasha
  1239 | D:2      | Slain by a worm

Skill      XL: |  1  2  3 |
---------------+----------+-----
Fighting       | 2 |  2.1
Short Blades   | 4 |  4.6
Dodging        | 4 |  4.1
Throwing       | |  1.7
Armour         | |  0.4

Action                   |  1- 3 |  4- 6 || total
-------------------------+-------+-------++-------
Melee: Rapier            |    92 |    39 ||   131
       Bite              |     8 |     4 ||    12
Throw: Throwing net      |       |     1 ||     1
  Use: Scroll            |     1 |     1 ||     2
       Potion            |     1 |     1 ||     2
Armor: Leather armour    |    30 |    10 ||    40
Dodge: Dodged            |    59 |    11 ||    70
Block: Shield            |     1 |    13 ||    14
